 Dungeon Crawl Stone Soup version 0.22-a0-855-g415d086bb8 (webtiles) character file.

218 LLavrengius the Ruffian (level 5, -2/41 HPs)
             Began as a Draconian Transmuter on July 27, 2018.
             Killed from afar by an orc wizard (8 damage)
             ... with a magic dart
             ... on level 4 of the Dungeon.
             The game lasted 00:18:50 (4124 turns).

LLavrengius the Ruffian (Draconian Transmuter)      Turns: 4124, Time: 00:18:51

Health: -2/41      AC:  5    Str: 13    XL:     5   Next: 63%
Magic:  6/8        EV: 12    Int: 13    God:
Gold:   141        SH:  0    Dex: 12    Spells: 5/8 levels left

rFire    + . .     SeeInvis .   x - +1 dagger (venom)
rCold    x . .     Gourm    .   (no shield)
rNeg     . . .     Faith    .   (armour unavailable)
rPois    .         Spirit   .   (helmet restricted)
rElec    .         Reflect  .   (no cloak)
rCorr    .         Harm     .   (no gloves)
MR       .....                  (no boots)
Stlth    +.........             (no amulet)
HPRegen  0.13/turn              o - ring of flight
MPRegen  0.11/turn              z - ring of fire

@: no status effects
A: unfitting armour, cold-blooded, AC +5
a: Evoke Flight


You were on level 4 of the Dungeon.
You were not hungry.

You visited 1 branch of the dungeon, and saw 4 of its levels.

You collected 141 gold pieces.

Inventory:

Hand Weapons
 e - a cursed -2 war axe
 r - a +0 falchion
 s - a +1 hunting sling
 x - a +1 dagger of venom (weapon)
Missiles
 a - 111 arrows
 i - 75 stones (quivered)
 v - 22 bolts
 w - 21 sling bullets
Armour
 l - a +0 shield
Jewellery
 o - a ring of flight (left hand)
 z - a ring of fire (right hand)
 B - an uncursed ring of fire
Wands
 y - a wand of flame (58)
Scrolls
 g - a scroll of fear
 k - 3 scrolls of remove curse {unknown}
 p - a scroll of teleportation
 A - a scroll of identify
Potions
 d - a potion of degeneration {unknown}
 f - 4 potions of curing
 h - 3 potions of heal wounds {unknown}
 j - a potion of resistance {unknown}
 m - 2 potions of flight {unknown}
 n - a potion of magic {unknown}
 q - a potion of mutation {unknown}
 t - a potion of cancellation {unknown}
 u - a potion of agility {unknown}
 C - a potion of lignification {unknown}
Comestibles
 c - 9 rations


   Skills:
 + Level 2.2 Fighting
 - Level 0.3 Slings
 - Level 2.0 Dodging
 - Level 0.5 Stealth
 + Level 4.8 Unarmed Combat
 - Level 2.0 Spellcasting
 * Level 3.7 Transmutations


You had 5 spell levels left.
You knew the following spells:

 Your Spells              Type           Power        Failure   Level  Hunger
a - Beastly Appendage     Tmut           ##....       5%          1    ##.....
b - Sticks to Snakes      Tmut           ##......     9%          2    ###....

Your spell library contained the following spells:

 Spells                   Type           Power        Failure   Level  Hunger
 Confuse                  Hex            #.......     58%         3    ####...
 Tukima's Dance           Hex            #.......     58%         3    ####...
 Spider Form              Tmut/Pois      #.........   34%         3    ####...
 Blade Hands              Tmut           ##........   83%         5    ######.
 Ice Form                 Ice/Tmut       #.......     75%         4    #####..
 Ensorcelled Hibernation  Hex/Ice        #.....       36%         2    ###....
 Corona                   Hex            #......      26%         1    ##.....
 Dazzling Spray           Conj/Hex       #.....       58%         3    ####...


Dungeon Overview and Level Annotations

Branches:
Dungeon (4/15)
 Temple: D:4-7

Altars:
Trog


Innate Abilities, Weirdness & Mutations

Your plain brown scales are hard. (AC +5)
You cannot fit into any form of body armour.
You are cold-blooded and may be slowed by cold attacks.


Message History

The orc is almost dead.
The orc hits you but does no damage.
You hit the orc.
You kill the orc!
Casting: Sticks to Snakes (safe; 9% risk of failure)
Confirm with . or Enter, or press ? or * to list all spells.
You create a snake!
You now have 111 arrows.
You swap places.
The orc wizard mumbles some strange words.
The orc wizard blinks!
You hit the orc wizard. You tail-slap the orc wizard.
The orc wizard is moderately wounded.
The orc wizard hits you but does no damage.
Your adder bites the orc wizard.
The orc wizard is poisoned.
Your adder poisons the orc wizard!
You completely miss the orc wizard.
The orc wizard is moderately wounded.
The orc wizard points at you and mumbles some strange words.
The magic dart hits you!
You die...

...#........o## #...#
##.#.........# #.#)#
#............# #.#.# .#
.............# #.#.# #.#
#......_.....# #.#.# #.#
#..#.........# ##.#.###.#
...#.........###........#
.###.[.......)..So......#
.###.........###@.......#
.............# #........####
####.........# #...........#
#..........#.# #...........#
#.##..#...##.# #.......#...#
>.....#...##.###...........#
##.##.#....#..##.......#...#
#..##.#..#.##.##....####...#
............#.....### ...#


You could see an orc wizard and a friendly adder.

Vanquished Creatures
  2 worker ants
  2 worker ant zombies (D:3)
  A gnoll (D:1)
  2 adders
  An ooze (D:3)
  An adder zombie (D:3)
  4 worms (D:3)
  3 dart slugs
  3 leopard geckos
  8 orcs (D:4)
  4 ball pythons
  8 giant cockroaches
  2 goblins
  8 hobgoblins
  15 jackals
  A quokka (D:4)
  A ball python skeleton (D:3)
  3 bats
  2 frilled lizards
  2 giant cockroach zombies (D:3)
  9 kobolds
  A leopard gecko skeleton (D:4)
  9 rats
  2 plants (D:2)
94 creatures vanquished.

Vanquished Creatures (collateral kills)
  2 orcs (D:4)
  A bat (D:3)
3 creatures vanquished.

Grand Total: 97 creatures vanquished

Notes
Turn   | Place    | Note
-------+----------+-------------------------------------------
     0 | D:1      | LLavrengius the Draconian Transmuter began the quest for the Orb.
     0 | D:1      | Reached XP level 1. HP: 16/16 MP: 3/3
   238 | D:1      | Reached XP level 2. HP: 23/23 MP: 3/5
   623 | D:1      | Reached skill level 4 in Unarmed Combat
   654 | D:1      | Reached XP level 3. HP: 28/28 MP: 6/6
   658 | D:1      | Learned a level 2 spell: Sticks to Snakes
  2393 | D:3      | Reached XP level 4. HP: 25/35 MP: 5/7
  2750 | D:3      | Reached XP level 5. HP: 33/41 MP: 5/8
  3981 | D:4      | Found a bloodstained altar of Trog.
  4124 | D:4      | Killed from afar by an orc wizard

Vault maps used:
D:1:      minmay_arrival_five_plusses
D:2:      serial_forest, infiniplex_forest_clump_large,
          infiniplex_forest_corner_1, infiniplex_forest_clump_C,
          infiniplex_forest_zigzag_1, infiniplex_forest_straight_1,
          infiniplex_forest_straight_2, infiniplex_forest_lined_2,
          infiniplex_forest_clump_curved
D:3:      first_ration, serial_undead, serial_undead_d, serial_undead_a,
          serial_undead_a, serial_undead_c, serial_undead_e, serial_undead_b
D:4:      overflow_temple_1_default, serial_shops, nicolae_shop_behind_doors

Skill      XL: |  1  2  3  4  5 |
---------------+----------------+-----
Unarmed Combat | 4 |  4.8
Dodging        | 2 |  2.0
Transmutations | 3 |  3.7
Fighting       | 2 |  2.2
Slings         | |  0.3
Stealth        | |  0.5
Spellcasting   | |  2.0

Action                   |  1- 3 |  4- 6 || total
-------------------------+-------+-------++-------
Melee: Unarmed           |   162 |   156 ||   318
       Tailslap          |    16 |    19 ||    35
       Punch             |     4 |     5 ||     9
       Headbutt          |    22 |    15 ||    37
       Kick              |     1 |    14 ||    15
       Hunting sling     |     1 |       ||     1
       Dagger            |       |    18 ||    18
 Fire: Hunting sling     |    17 |       ||    17
 Cast: Beastly Appendage |    14 |    23 ||    37
       Sticks to Snakes  |     2 |    10 ||    12
Evoke: Wand              |       |     4 ||     4
  Use: Scroll            |       |     5 ||     5
 Stab: Sleeping          |     1 |     1 ||     2
  Eat: Chunk             |     3 |     6 ||     9
       Ration            |     1 |       ||     1
Armor: Skin              |    21 |    55 ||    76
Dodge: Dodged            |    67 |   116 ||   183

Table legend:
 A = Spawn XP
 B = Non-spawn XP
 C = Spawn XP percentage of total XP
 D = Spawn monster count
 E = Non-spawn monster count
 F = Spawn count percentage of total count
 G = Total turns spent on level
                    A         B        C        D         E        F      G
               +---------+---------+-------+---------+---------+-------+---------
         Total |       0 |     312 |   0.0 |       0 |      95 |   0.0 |  4124
               +---------+---------+-------+---------+---------+-------+---------
           D:1 |       0 |      61 |   0.0 |       0 |      27 |   0.0 |   813
           D:2 |       0 |      33 |   0.0 |       0 |      14 |   0.0 |  1564
           D:3 |       0 |     147 |   0.0 |       0 |      33 |   0.0 |  1169
           D:4 |       0 |      71 |   0.0 |       0 |      21 |   0.0 |   578
               +---------+---------+-------+---------+---------+-------+---------
